 Dungeon Crawl Stone Soup version 0.31-a0-875-g02e7d12df6 (webtiles) character file.

Game seed: 10649145878580757792

426 CowFu the Cleaver (level 6, -1/50 HPs)
             Began as a Hill Orc Reaver on Oct 13, 2023.
             Slain by a gnoll
             ... wielding a +0 halberd
              (10 damage)
             ... on level 4 of the Dungeon.
             The game lasted 00:03:24 (3483 turns).

CowFu the Cleaver (Hill Orc Reaver)                 Turns: 3483, Time: 00:03:25

Health: -1/50      AC: 11    Str: 17    XL:     6   Next: 97%
Magic:  8/8        EV:  7    Int: 13    God:
Gold:   146        SH:  0    Dex:  9    Spells: 7/8 levels left

rFire   . . .        a - +0 hand axe
rCold   . . .        (no shield)
rNeg    . . .        i - +0 chain mail
rPois   .            l - +0 helmet
rElec   .            b - +0 cloak
rCorr   .            k - +0 pair of gloves
SInv    .            (no boots)
Will    .....        (no amulet) Stlth
                     (no ring)
HPRegen 0.28/turn    (no ring)
MPRegen 0.11/turn

%: no passive effects
@: no status effects
A: no striking features
a: no special abilities


You were on level 4 of the Dungeon.
You visited 1 branch of the dungeon, and saw 4 of its levels.

You collected 146 gold pieces.

Inventory:

Hand Weapons
 a - a +0 hand axe (weapon)
Armour
 b - a +0 cloak (worn)
 i - a +0 chain mail (worn)
 k - a +0 pair of gloves (worn)
 l - a +0 helmet (worn)
Scrolls
 c - a scroll of revelation {unknown}
 d - a scroll of poison {unknown}
 g - 3 scrolls of noise {unknown}
 o - a scroll of vulnerability {unknown}
 p - a scroll of teleportation {unknown}
 q - a scroll of enchant armour {unknown}
Potions
 e - a potion of degeneration
 h - a potion of brilliance
 j - a potion of heal wounds
 m - a potion of curing {unknown}
 n - a potion of might {unknown}


   Skills:
 - Level 2.4 Fighting
 + Level 10.0 Axes
 - Level 1.5 Dodging
 - Level 1.5 Spellcasting
 - Level 3.0 Conjurations


You had 7 spell levels left.
You knew the following spells:

 Your Spells              Type           Power      Damage    Failure   Level
a - Kiss of Death         Conj/Necr      16%        2d6       88%         1

Your spell library contained the following spells:

 Spells                   Type           Power      Damage    Failure   Level
 Momentum Strike          Conj/Tloc      8%         3d8       95%         2
 Hailstorm                Conj/Ice       4%         3d4       99%         3


Dungeon Overview and Level Annotations

Branches:
Dungeon (4/15)
 Temple: D:4-7

Altars:
Yredelemnul

Annotations:
D:3 1 runed translucent door, retardedninja's ghost, amateur GrFE


Message History

You closely miss the gnoll.
The gnoll is heavily wounded.
You hit the gnoll.
The gnoll is almost dead.
A gnoll comes into view. It is wielding a +0 whip.
The gnoll hits you from afar with a +0 halberd.
The gnoll hits you with a +0 flail.
You barely miss the gnoll.
The gnoll is almost dead.
You barely miss the gnoll. The gnoll hits you with a +0 whip.
The gnoll hits you from afar with a +0 halberd!
The gnoll hits you but does no damage.
You are too injured to fight recklessly!
You are too injured to fight recklessly!
You are too injured to fight recklessly!
You are too injured to fight recklessly!
You are too injured to fight recklessly!
You are too injured to fight recklessly!
You are too injured to fight recklessly!
You are too injured to fight recklessly!
You are too injured to fight recklessly!
You are too injured to fight recklessly!
You are too injured to fight recklessly!
You are too injured to fight recklessly!
You are too injured to fight recklessly!
You are too injured to fight recklessly!
You are too injured to fight recklessly!
You are too injured to fight recklessly!
You are too injured to fight recklessly!
You are too injured to fight recklessly!
You are too injured to fight recklessly!
The gnoll attacks as it pursues you! The gnoll hits you with a +0 whip.
* * * LOW HITPOINT WARNING * * *
The gnoll attacks as it pursues you! The gnoll closely misses you.
The gnoll attacks as it pursues you! The gnoll hits you with a +0 flail.
* * * LOW HITPOINT WARNING * * *
The gnoll attacks as it pursues you! The gnoll hits you but does no damage.
The gnoll attacks as it pursues you!
The gnoll hits you from afar with a +0 halberd!
You die...

#...#[ ####....#
#....# ......#..#
#....# .......<..
#....## .#####.#.#
#..)†.###... #.#..
#...[..# #.#..
#gg##.## #.#.. #.g#
#.#.. #.@# ###.#..
#..#### #...#..
#.....# #......
##.#### ####.###..
#.# #....# ### #.#
####.# # #.#####.#
#.# #
#.......##########.#
#
######.............#


You could see 3 gnolls.

Vanquished Creatures
  An ogre (D:4)
  A phantom (D:4)
  A scorpion (D:4)
  A gnoll (D:4)
  10 adders
  4 worms
  3 dart slugs (D:4)
  10 orcs (D:4)
  5 bats
  6 endoplasms
  A giant cockroach (D:1)
  14 goblins
  8 hobgoblins
  6 jackals
  A kobold (D:1)
  2 quokkas
  3 ball pythons
  2 frilled lizards (D:2)
  5 rats
84 creatures vanquished.

Notes
Turn   | Place    | Note
-------+----------+-------------------------------------------
     0 | D:1      | CowFu the Hill Orc Reaver began the quest for the Orb.
     0 | D:1      | Reached XP level 1. HP: 18/18 MP: 3/3
    79 | D:1      | Reached XP level 2. HP: 21/25 MP: 4/4
   257 | D:1      | Reached skill level 5 in Axes
   975 | D:2      | Reached XP level 3. HP: 29/30 MP: 5/5
  1067 | D:2      | Reached skill level 6 in Axes
  1233 | D:2      | Reached XP level 4. HP: 36/37 MP: 6/6
  1826 | D:3      | Found a runed translucent door.
  1827 | D:3      | Noticed retardedninja's ghost (amateur GrFE)
  2121 | D:3      | Reached skill level 7 in Axes
  2609 | D:4      | Reached XP level 5. HP: 40/42 MP: 7/7
  2729 | D:4      | Found a basalt altar of Yredelemnul.
  2939 | D:4      | Reached skill level 8 in Axes
  3003 | D:4      | Noticed a phantom
  3018 | D:4      | Killed a phantom
  3019 | D:4      | Reached XP level 6. HP: 41/50 MP: 8/8
  3111 | D:4      | Reached skill level 9 in Axes
  3477 | D:4      | Reached skill level 10 in Axes
  3483 | D:4      | Slain by a gnoll

Illustrated notes

Levels and vault maps discovered:
D:1:      wander_arrival_peaceful_grave, layout_loops_ring
D:2:      layout_loops_ring, nrook_mini_backslash, kennysheep_path_1,
          minmay_quadrilaterals
D:3:      wad_lake_hut, layout_basic, ebering_ghost_reflecting_pool
D:4:      layout_loops_ring, mainiacjoe_overflow_alcove_1,
          nicolae_overflow_crystal_walls, minmay_ogre_servants

Skill      XL: |  1  2  3  4  5  6 |
---------------+-------------------+-----
Axes           | 5 6 7 8 10 | 10.0
Fighting       | |  2.4
Dodging        | |  1.5
Spellcasting   | |  1.5
Conjurations   | |  3.0

Action                     |  1- 3 |  4- 6 || total
---------------------------+-------+-------++-------
  Melee: Hand axe          |   129 |   264 ||   393
         Punch             |     2 |       ||     2
    Use: Scroll            |       |     4 ||     4
         Potion            |       |     1 ||     1
 Armour: Leather armour    |    42 |       ||    42
         Chain mail        |    61 |   179 ||   240
  Dodge: Dodged            |    73 |    94 ||   167

Table legend: (Time is in decaauts)
 A = Elapsed time spent in this place.
 B = Non-inter-level travel time spent in this place.
 C = Inter-level travel time spent in this place.
 D = Time resting spent in this place.
 E = Time spent auto-exploring this place.
 F = Levels seen in this place.
 G = Mean time per level.
                   A        B        C        D        E       F      G
               +--------+--------+--------+--------+--------+-----+--------+
         Total |   3505 |   3400 |    105 |      0 |   2727 |   4 |  876.2 |
       Dungeon |   3505 |   3400 |    105 |      0 |   2727 |   4 |  876.2 |
               +--------+--------+--------+--------+--------+-----+--------+

Top non-repeatable levels by time:
     D:1: 930 daAuts
     D:4: 902 daAuts
     D:3: 845 daAuts
     D:2: 827 daAuts
